 Dungeon Crawl Stone Soup version 0.24.0-35-gdb84b6a5db (webtiles) character file.

Game seed: 5908175706712592064, levelgen mode: deterministic

217 Nattfarinn the Stinger (level 5, -6/31 HPs)
             Began as a Gargoyle Venom Mage on Nov 19, 2019.
             Mangled by Menkaure (8 damage)
             ... on level 4 of the Dungeon.
             The game lasted 00:06:35 (3541 turns).

Nattfarinn the Stinger (Gargoyle Venom Mage)        Turns: 3541, Time: 00:06:36

Health: -6/31      AC:  6    Str: 12    XL:     5   Next: 94%
Magic:  3/8        EV: 12    Int: 16    God:
Gold:   162        SH:  0    Dex: 10    Spells: 7/8 levels left

rFire    . . .     SeeInvis .   o - +0 trident (pierce)
rCold    . . .     Gourm    .   (no shield)
rNeg     + . .     Faith    +   a - +0 robe
rPois    ∞         Spirit   .   (no helmet)
rElec    +         Reflect  .   (no cloak)
rCorr    .         Harm     .   (no gloves)
MR       .....                  (no boots)
Stlth    ++........             q - amulet of faith
HPRegen  0.10/turn              (no ring)
MPRegen  0.11/turn              (no ring)

@: no status effects
A: negative energy resistance 1, electricity resistance, unbreathing,
petrification resistance, rot immunity, AC +4
a: no special abilities


You were on level 4 of the Dungeon.
You were not hungry.

You visited 1 branch of the dungeon, and saw 4 of its levels.

You collected 162 gold pieces.

Inventory:

Hand Weapons
 d - a +0 club
 o - a +0 trident of piercing (weapon)
Armour
 a - a +0 robe (worn)
Jewellery
 q - an amulet of faith (around neck)
Wands
 t - a wand of enslavement (11)
Scrolls
 b - 2 scrolls of enchant weapon {unknown}
 e - 2 scrolls of enchant armour {unknown}
 f - 2 scrolls of random uselessness {unknown}
 g - 7 scrolls of identify {unknown}
 h - a scroll of noise {unknown}
 m - a scroll of fear {unknown}
 n - 3 scrolls of remove curse {unknown}
 p - a scroll of teleportation {unknown}
 s - a scroll of fog {unknown}
Potions
 i - 2 potions of curing
 j - 2 potions of brilliance {unknown}
 k - a potion of degeneration {unknown}
 l - 2 potions of lignification {unknown}
 r - a potion of magic {unknown}
Comestibles
 c - 7 rations


   Skills:
 + Level 2.5 Fighting
 * Level 3.6 Armour
 - Level 1.5 Dodging
 - Level 2.1 Stealth
 - Level 2.0 Spellcasting
 - Level 1.1 Conjurations
 * Level 4.6 Poison Magic


You had 7 spell levels left.
You knew the following spells:

 Your Spells              Type           Power        Failure   Level  Hunger
a - Sting                 Conj/Pois      ##..         6%          1    #......

Your spell library contained the following spells:

 Spells                   Type           Power        Failure   Level  Hunger
 Poisonous Vapours        Pois/Air       #.....       12%         2    ###....
 Magic Dart               Conj           #...         13%         1    #......
 Mephitic Cloud           Conj/Pois/Air  #.......     28%         3    ###....
 Blink                    Tloc           N/A          30%         2    ###....
 Call Imp                 Summ           #.......     30%         2    ###....
 Slow                     Hex            #.......     30%         2    ###....
 Olgreb's Toxic Radiance  Pois           ###.....     30%         4    #####..
 Conjure Flame            Conj/Fire      #.......     45%         3    ###....
 Venom Bolt               Conj/Pois      ##........   87%         5    ######.


Dungeon Overview and Level Annotations

Branches:
Dungeon (4/15)
 Temple: D:4-7

Altars:
Fedhas
Nemelex Xobeh
Sif Muna

Annotations:
D:4 Menkaure, Robin


Innate Abilities, Weirdness & Mutations

You are resistant to torment.
Your stone body is resilient. (AC +4)
You are immune to poison.
You resist negative energy. (rN+)
You are resistant to electric shocks. (rElec)
You can survive without breathing.
You are immune to petrification.
You are immune to rotting.


Message History

The goblins go into a battle-frenzy!
The gnoll hits you from afar with a +0 spear.
Menkaure calls on the powers of darkness!
Your body is wracked with pain!
You hear a shout!
A goblin comes into view.
Robin throws the goblin at you!
Your magical contamination has completely faded away.
There is a stone staircase leading up here.
You hit Menkaure but do no damage.
Menkaure mumbles some strange words.
Menkaure seems to speed up.
The goblin misses you. Menkaure closely misses you. The goblin hits you.
* * * LOW HITPOINT WARNING * * *
The goblin hits you with a +0 club.
* * * LOW HITPOINT WARNING * * *
The goblin hits you.
* * * LOW HITPOINT WARNING * * *
Menkaure hits you!
You die...

#.........#.......#
#........)#.......#
+.........†..g....#
#.........#...g...#
#..g......#.g.....#
##...######.##....# #
#...##..##g##....# .#
#.......gg.......# 8.
.........M@ggg......# #.
............g........# #.8
.....................#
#..+#####.#..#..##.##....#
###...####.################
.....<.g....# .......a....#
............# ..M.........#


You could see Menkaure, 2 gnolls and 5 goblins.

Vanquished Creatures
  A howler monkey (D:4)
  A centaur skeleton (D:3)
  A hound (D:3)
  2 gnolls (D:3)
  4 adders
  A worm (D:2)
  A dart slug (D:2)
  A leopard gecko (D:1)
  2 orcs (D:3)
  2 giant cockroaches (D:1)
  9 hobgoblins
  3 jackals (D:2)
  10 kobolds
  5 bats
  A frilled lizard (D:2)
  6 goblins
  A quokka zombie (D:3)
  9 rats
60 creatures vanquished.

Notes
Turn   | Place    | Note
-------+----------+-------------------------------------------
     0 | D:1      | Nattfarinn the Gargoyle Venom Mage began the quest for the
                  | Orb.
     0 | D:1      | Reached XP level 1. HP: 10/10 MP: 3/3
   460 | D:1      | Reached XP level 2. HP: 15/16 MP: 3/5
   490 | D:1      | Reached skill level 1 in Armour
  1106 | D:2      | Reached skill level 1 in Fighting
  1145 | D:2      | Reached XP level 3. HP: 17/20 MP: 4/6
  1487 | D:2      | Found a shimmering blue altar of Sif Muna.
  1584 | D:2      | Reached XP level 4. HP: 20/25 MP: 3/7
  2326 | D:3      | Reached skill level 4 in Poison Magic
  2759 | D:3      | Reached XP level 5. HP: 17/30 MP: 8/8
  2928 | D:3      | Found a sparkling altar of Nemelex Xobeh.
  3062 | D:3      | Found a blossoming altar of Fedhas.
  3188 | D:4      | Noticed Menkaure
  3528 | D:4      | Noticed Robin
  3541 | D:4      | Mangled by Menkaure

Levels and vault maps discovered:
D:1:      dpeg_arrival_tiny_d, layout_basic, minmay_misc_feat_encased,
          minmay_hexomino_u4
D:2:      minmay_alternating_diamond, layout_basic, lemuel_crystal_altar,
          serial_bayou, serial_bayou_crossing, serial_bayou_pond_a,
          serial_bayou_lake_a, serial_bayou_ford_a, serial_bayou_lagoon_a,
          serial_bayou_shore_a
D:3:      layout_loops_ring, lemuel_round_altar, old_standard_altar
D:4:      layout_gridville, first_ration, serial_shops,
          nicolae_shop_statue_plus, ebering_ghost_sewer_d, uniq_natasha,
          uniq_robin, uniq_menkaure

Skill      XL: |  1  2  3  4 |
---------------+-------------+-----
Armour         | 1 2 3 |  3.6
Fighting       | 1 2 |  2.5
Poison Magic   | 4 |  4.6
Dodging        | |  1.5
Stealth        | |  2.1
Spellcasting   | |  2.0
Conjurations   | |  1.1

Action                   |  1- 3 |  4- 6 || total
-------------------------+-------+-------++-------
Melee: Unarmed           |    14 |       ||    14
       Club              |    69 |    15 ||    84
       Trident           |       |    62 ||    62
 Cast: Sting             |    51 |    23 ||    74
  Use: Potion            |       |     1 ||     1
 Stab: Sleeping          |       |     1 ||     1
  Eat: Chunk             |     3 |     7 ||    10
Armor: Robe              |    47 |    45 ||    92
Dodge: Dodged            |    67 |    69 ||   136
